 Dungeon Crawl Stone Soup version 0.22.0-27-ga576289 (webtiles) character file.

7660 iamserjio the Grappler (level 10, -11/102 HPs)
             Began as a Troll Fighter on Aug 22, 2018.
             Was a High Priest of Cheibriados.
             Mangled by an orc warrior
             ... wielding a +0 broad axe
              (16 damage)
             ... while paralysed by an orc sorcerer
             ... on level 1 of the Orcish Mines.
             The game lasted 00:27:01 (3344 turns).

iamserjio the Grappler (Troll Fighter)              Turns: 3344, Time: 00:27:02

Health: -11/102    AC:  5    Str: 37    XL:     10   Next: 99%
Magic:  12/12      EV:  1    Int: 18    God:    Cheibriados [*****.]
Gold:   285        SH:  0    Dex: 20    Spells: 9/9 levels left

rFire    . . .     SeeInvis .     - Unarmed
rCold    . . .     Gourm    +   b - +0 shield
rNeg     . . .     Faith    .   a - +0 robe
rPois    .         Spirit   .   (helmet restricted)
rElec    .         Reflect  +   (no cloak)
rCorr    .         Harm     .   (gloves unavailable)
MR       .....                  (boots unavailable)
Stlth    +.........             n - +3 amulet of reflection
HPRegen  0.67/turn              G - +4 ring of evasion
MPRegen  0.13/turn              (no ring)

@: paralysed, liquid flames, glowing, very slow
A: large, unfitting armour, claws 3, fast metabolism 3, gourmand, regeneration
1, shaggy fur 1, tough skin 2
a: Bend Time, Temporal Distortion, Slouch, Step From Time, Renounce Religion


You were on level 1 of the Orcish Mines.
You worshipped Cheibriados.
Cheibriados was extremely pleased with you.
You were completely stuffed.

You visited 3 branches of the dungeon, and saw 13 of its levels.
You also visited: Ossuary.

You collected 783 gold pieces.
You spent 498 gold pieces at shops.

Inventory:

Hand Weapons
 C - the +6 flail "Cochashro" {flame, Str+3, unknown}
   (You found it on level 9 of the Dungeon)

   It has been specially enchanted to burn those struck by it, causing extra
   injury to most foes and up to half again as much damage against particularly
   susceptible opponents.
   It affects your strength (+3).
Missiles
 J - a throwing net (quivered) {!f}
Armour
 a - a +0 robe (worn)
 b - a +0 shield (worn)
Jewellery
 n - a +3 amulet of reflection (around neck)
 y - an uncursed amulet of magic regeneration
 G - a +4 ring of evasion (left claw)
Wands
 l - a wand of flame (69)
 B - a wand of acid (19)
 E - a wand of paralysis (9)
 H - a wand of polymorph (11)
Scrolls
 c - 3 scrolls of amnesia
 e - 5 scrolls of teleportation
 f - a scroll of fear
 h - 2 scrolls of blinking
 i - 2 scrolls of magic mapping
 p - 2 scrolls of torment {unknown}
 r - 4 scrolls of fog
 v - 2 scrolls of remove curse {@r2}
 w - a scroll of noise {unknown}
 x - 2 scrolls of enchant weapon
 D - a scroll of random uselessness {unknown}
 F - a scroll of immolation {unknown}
 K - 2 scrolls of enchant armour
 L - a scroll of summoning
Potions
 g - 2 potions of degeneration
 j - a potion of magic {unknown}
 k - a potion of curing {@q1}
 m - a potion of haste {unknown}
 q - a potion of agility {unknown}
 s - 3 potions of mutation
 t - 3 potions of heal wounds {unknown}
 u - 2 potions of flight
 z - a potion of cancellation {unknown}
 A - a potion of brilliance {unknown}
Comestibles
 d - 12 rations


   Skills:
 + Level 7.2 Fighting
 - Level 2.4 Dodging
 + Level 7.2 Shields
 * Level 11.5 Unarmed Combat
 + Level 4.2 Invocations
 - Level 1.0 Evocations


You had 9 spell levels left.
You didn't know any spells.
Your spell library contained the following spells:

 Spells                   Type           Power        Failure   Level  Hunger
 Corona                   Hex            #......      32%         1    ##.....
 Ensorcelled Hibernation  Hex/Ice        #.....       43%         2    ###....
 Confuse                  Hex            #.......     67%         3    ####...
 Dazzling Spray           Conj/Hex       #.....       67%         3    ####...
 Tukima's Dance           Hex            #.......     67%         3    ####...


Dungeon Overview and Level Annotations

Branches:
Dungeon (11/15)            Temple (1/1) D:4             Orc (1/2) D:11
   Lair: D:8-11

Altars:
Cheibriados
Elyvilon
Gozag
Hepliaklqana
Kikubaaqudgha
Nemelex Xobeh
Ru
Trog
Vehumet
Wu Jian
Xom
Yredelemnul
Zin

Shops:
D:11 [**(


Innate Abilities, Weirdness & Mutations

You are too large for most types of armour.
You have claws for hands.
Your metabolism is lightning-fast.
You like to eat raw meat.
Your natural rate of healing is unusually fast.
You are covered in fur. (AC +1)
You have very tough skin. (AC +2)


Message History

* * * LOW HITPOINT WARNING * * *
The orc warrior hits you with a broad axe!
* * * LOW HITPOINT WARNING * * *
The orc wizard hits you but does no damage.
The smoke demon hits you but does no damage.
The smoke demon hits you.
* * * LOW HITPOINT WARNING * * *
The smoke demon hits you but does no damage.
You are covered in liquid flames!
* * * LOW HITPOINT WARNING * * *
The orc hits you with a club.
* * * LOW HITPOINT WARNING * * *
The orc sorcerer hits you but does no damage.
The orc wizard hits you with a dagger.
* * * LOW HITPOINT WARNING * * *
The smoke demon hits you but does no damage. x2
The smoke demon hits you.
* * * LOW HITPOINT WARNING * * *
The orc warrior hits you with a broad axe!
You die...

...... .......
#..... .......
......##.......
.....#........ #
#............
#.##............
.......()$......
#...oo@oo.....
..#...3oo......
#......)........
#........##...(.
.......... #...(
.........## #..(
....#....# #(#
...$....## ##
.$..#....


You could see a smoke demon, an orc sorcerer, an orc warrior, an orc priest, 2
orc wizards and an orc.

Vanquished Creatures
  2 tengu warriors (D:10)
  A cyclops (D:11)
  An ugly thing (D:11)
  The ghost of Alter the Shield-Bearer, an amateur GrFi of Ashenzari (D:4)
  2 hippogriffs
  A hungry ghost (D:9)
  Duvessa (D:4)
  6 orc warriors
  2 ice beasts (D:9)
  A black bear (D:6)
  4 ogres
  4 centaurs
  5 phantoms
  A necrophage (D:6)
  2 big kobolds
  5 bullfrogs
  An elf zombie (Ossuary)
  Dowan (D:4)
  A scorpion (D:9)
  9 killer bees (D:10)
  3 wights (D:6)
  A howler monkey (D:8)
  2 centaur zombies (Ossuary)
  9 orc priests
  3 hounds
  2 human zombies (Ossuary)
  2 jellies
  2 bullfrog skeletons
  12 orc wizards
  3 iguanas
  Ijyb (D:3)
  3 worker ants
  A killer bee zombie (D:6)
  3 ogre zombies (Ossuary)
  A worker ant zombie (D:11)
  8 mummies
  10 gnolls
  10 adders
  2 shadow imps
  An ooze (D:5)
  6 adder zombies
  3 adder skeletons
  2 worms
  4 leopard geckos
  60 orcs
  2 bats (D:3)
  4 giant cockroaches
  A gnoll zombie (Ossuary)
  2 goblins
  5 hobgoblins
  3 jackals (D:4)
  15 kobolds
  A quokka (D:9)
  3 frilled lizards
  7 goblin zombies (Ossuary)
  6 hobgoblin zombies (Ossuary)
  2 leopard gecko skeletons (D:4)
  2 quokka zombies (Ossuary)
  5 rats
  3 rat zombies (Ossuary)
266 creatures vanquished.

Notes
Turn   | Place    | Note
-------+----------+-------------------------------------------
     0 | D:1      | iamserjio the Troll Fighter began the quest for the Orb.
     0 | D:1      | Reached XP level 1. HP: 22/22 MP: 0/0
    92 | D:2      | Found an ornate altar of the Wu Jian Council.
   107 | D:2      | Reached XP level 2. HP: 16/29 MP: 1/1
   312 | D:3      | Reached skill level 3 in Unarmed Combat
   312 | D:3      | Reached XP level 3. HP: 31/36 MP: 2/2
   401 | D:3      | Noticed Ijyb
   428 | D:3      | Killed Ijyb
   428 | D:3      | Reached XP level 4. HP: 37/44 MP: 3/3
   501 | D:3      | Reached skill level 4 in Unarmed Combat
   501 | D:3      | Reached XP level 5. HP: 53/53 MP: 4/4
   569 | D:4      | Found a transporter.
   584 | D:4      | Found a transporter.
   585 | D:4      | Noticed Alter's ghost (amateur GrFi)
   617 | D:4      | Killed Alter's ghost
   617 | D:4      | Reached XP level 6. HP: 52/61 MP: 5/5
   619 | D:4      | Reached skill level 5 in Unarmed Combat
   669 | D:5      | Entered Level 5 of the Dungeon
   769 | D:5      | Reached XP level 7. HP: 65/68 MP: 6/6
   793 | D:5      | Found a sand-covered staircase.
   803 | Ossuary  | Entered an ossuary
   880 | Ossuary  | Reached skill level 6 in Unarmed Combat
  1248 | D:4      | Reached XP level 8. HP: 54/79 MP: 7/7
  1285 | D:4      | Found a hazy altar of Hepliaklqana.
  1292 | D:4      | Reached skill level 7 in Unarmed Combat
  1294 | D:4      | Noticed Duvessa
  1295 | D:4      | Noticed Dowan
  1310 | D:4      | Killed Duvessa
  1322 | D:4      | Killed Dowan
  1352 | D:4      | Found a staircase to the Ecumenical Temple.
  1362 | Temple   | Entered the Ecumenical Temple
  1375 | Temple   | Became a worshipper of Cheibriados the Contemplative
  1411 | D:4      | Found a sacrificial altar of Ru.
  1530 | D:6      | Found an ancient bone altar of Kikubaaqudgha.
  1538 | D:7      | Found a shimmering altar of Xom.
  1538 | D:7      | Found a shimmering altar of Xom.
  1541 | D:7      | Reached skill level 5 in Fighting
  1542 | D:7      | Found a shimmering altar of Xom.
  1543 | D:7      | Found a shimmering altar of Xom.
  1544 | D:7      | Found a shimmering altar of Xom.
  1545 | D:7      | Found a shimmering altar of Xom.
  1552 | D:7      | Reached skill level 5 in Shields
  1576 | D:6      | Reached skill level 8 in Unarmed Combat
  1642 | D:6      | Reached * piety under Cheibriados
  1677 | D:5      | Reached XP level 9. HP: 53/88 MP: 8/8
  1964 | D:7      | Reached skill level 9 in Unarmed Combat
  1965 | D:7      | Found a white marble altar of Elyvilon.
  2008 | D:7      | Found an opulent altar of Gozag.
  2052 | D:7      | Found an ancient bone altar of Kikubaaqudgha.
  2074 | D:7      | Reached ** piety under Cheibriados
  2144 | D:9      | Got an encrusted flail
  2220 | D:8      | Found a basalt altar of Yredelemnul.
  2252 | D:8      | Found a glowing silver altar of Zin.
  2438 | D:9      | Reached skill level 1 in Invocations
  2525 | D:9      | Reached skill level 1 in Evocations
  2554 | D:9      | Found the +2 pair of boots of the Assassin {Detection Stab+ Stlth++}
  2600 | D:10     | Entered Level 10 of the Dungeon
  2608 | D:10     | Noticed a tengu warrior
  2608 | D:10     | Noticed a tengu warrior
  2618 | D:10     | Killed a tengu warrior
  2618 | D:10     | Reached skill level 10 in Unarmed Combat
  2618 | D:10     | Reached XP level 10. HP: 100/100 MP: 10/10
  2623 | D:10     | Killed a tengu warrior
  2647 | D:10     | Reached *** piety under Cheibriados
  2878 | D:10     | Reached **** piety under Cheibriados
  2900 | D:11     | Found Aguor's Antique Weapon Boutique.
  2956 | D:11     | Found Nisut's General Store.
  2958 | D:11     | Found Hetiz's Armour Boutique.
  2967 | D:11     | Bought a wand of acid (4) for 192 gold pieces
  2967 | D:11     | Bought a scroll of enchant armour for 90 gold pieces
  2967 | D:11     | Bought a scroll of fog for 24 gold pieces
  3010 | D:11     | Reached skill level 11 in Unarmed Combat
  3017 | D:11     | Found Abiliaqa's General Store.
  3042 | D:11     | Bought a potion of flight for 36 gold pieces
  3042 | D:11     | Bought a scroll of summoning for 114 gold pieces
  3042 | D:11     | Bought a scroll of fear for 42 gold pieces
  3061 | D:11     | Noticed a white ugly thing
  3073 | D:11     | Killed a white ugly thing
  3166 | D:11     | Found a staircase to the Orcish Mines.
  3166 | D:11     | Noticed a cyclops
  3182 | D:11     | Killed a cyclops
  3184 | D:11     | Reached ***** piety under Cheibriados
  3216 | Orc:1    | Entered Level 1 of the Orcish Mines
  3221 | Orc:1    | Noticed an orc sorcerer
  3341 | Orc:1    | Noticed a smoke demon
  3341 | Orc:1    | Paralysed by an orc sorcerer for 7 turns
  3344 | Orc:1    | HP: 5/102 [smoke demon[an orc sorcerer] (1)]
  3344 | Orc:1    | Mangled by an orc warrior

Skill      XL: |  1  2  3  4  5  6  7  8  9 10 |
---------------+-------------------------------+-----
Unarmed Combat | 3 4 5 6 8 10 11 | 11.5
Fighting       | 3 4 5 6 7 |  7.2
Shields        | 3 4 5 6 7 |  7.2
Invocations    | 2 4 |  4.2
Evocations     | 1 |  1.0
Dodging        | |  2.4

Action                   |  1- 3 |  4- 6 |  7- 9 | 10-12 || total
-------------------------+-------+-------+-------+-------++-------
Melee: Unarmed           |    95 |    72 |   401 |   206 ||   774
Evoke: Wand              |       |       |     2 |     3 ||     5
  Use: Potion            |       |     1 |     4 |     2 ||     7
       Scroll            |       |     1 |    10 |     3 ||    14
 Stab: Sleeping          |       |     1 |     3 |     1 ||     5
       Paralysed         |       |       |       |     4 ||     4
       Fleeing           |       |       |       |     1 ||     1
  Eat: Chunk             |     6 |       |    14 |    12 ||    32
       Ration            |       |       |     1 |       ||     1
Armor: Robe              |    22 |    11 |    58 |    34 ||   125
       Skin              |       |       |    31 |     7 ||    38
Dodge: Dodged            |    21 |    22 |    93 |    73 ||   209
Block: Shield            |    38 |    28 |   207 |   193 ||   466
       Reflection        |       |       |     5 |    20 ||    25
